 Dungeon Crawl Stone Soup version 0.30-a0-622-gddc90eaa04 (webtiles) character file.

Game seed: 7230534982443725874

174 tsouns the Covered (level 5, 0/34 HPs)
             Began as a Gargoyle Fighter on Jan 11, 2023.
             Was an Initiate of Ashenzari.
             Slain by an iguana (6 damage)
             ... on level 4 of the Dungeon.
             The game lasted 00:06:41 (2077 turns).

tsouns the Covered (Gargoyle Fighter)               Turns: 2077, Time: 00:06:42

Health: 0/34       AC: 14    Str: 21    XL:     5   Next: 54%
Magic:  5/5        EV:  9    Int: 15    God:    Ashenzari [......]
Gold:   167        SH:  4    Dex:  9    Spells: 4/4 levels left

rFire   . . .      SeeInvis .    a - +1 flail
rCold   . . .      Faith    .    c - +0 buckler of Ashenzari's Seer {Range, Fort} (curse)
rNeg    + . .      Spirit   .    b - +0 scale mail
rPois   ∞          Reflect  .    f - +1 helmet
rElec   +          Harm     .    (no cloak)
rCorr   .          Rampage  .    (no gloves)
Will    .....                    k - +0 pair of boots Stlth
                                 (no amulet)
HPRegen 0.25/turn                i - +6 ring of intelligence
MPRegen 0.09/turn                (no ring)

@: mighty
A: sickness immunity, AC +4, negative energy resistance 1, electricity
resistance, torment resistance 1, petrification resistance
a: Renounce Religion, Shatter the Chains


You were on level 4 of the Dungeon.
You worshipped Ashenzari.
Ashenzari was noncommittal.
You visited 1 branch of the dungeon, and saw 4 of its levels.

You collected 167 gold pieces.

Inventory:

Hand Weapons
 a - a +1 flail (weapon)
Armour
 b - a +0 scale mail (worn)
 c - the cursed +0 buckler of Ashenzari's Seer (worn) {Range, Fort}

   It has a curse which improves the following skills: Ranged Combat: Ranged
   Weapons and Throwing.
   Fortitude: Armour and Shields.
 f - a +1 helmet (worn)
 k - a +0 pair of boots (worn)
Jewellery
 i - a +6 ring of intelligence (left hand)
Potions
 e - 2 potions of degeneration


   Skills:
 + Level 4.3 Fighting
 + Level 3.2 Maces & Flails
 + Level 4.3(4.8) Armour
 + Level 4.3(4.7) Shields


You had 4 spell levels left.
You didn't know any spells.
Your spell library contained the following spells:

 Spells                   Type           Power      Damage    Failure   Level
 Foxfire                  Conj/Fire      0%         2x1d4     65%         1
 Fireball                 Conj/Fire      0%         3d3       100%        5
 Starburst                Conj/Fire      0%         6d3       100%        6


Dungeon Overview and Level Annotations

Branches:
Dungeon (4/15)
 Temple: D:4-7

Altars:
Ashenzari

Shops:
D:2 [

Annotations:
D:4 Blork the orc


Innate Abilities, Weirdness & Mutations

You are immune to sickness and miasma.
Your stone body is resilient. (AC +4)
You are immune to poison.
You resist negative energy. (rN+)
You are resistant to electric shocks. (rElec)
You are resistant to unholy torment.
You are immune to petrification.


Message History

Blork the orc is lightly wounded.
A quokka comes into view.
Blork the orc hits you with a +0 scimitar!
* * * LOW HITPOINT WARNING * * *
An iguana comes into view.
The quokka moves out of view.
You feel better.
The iguana hisses angrily.
Blork the orc points at you and mumbles some strange words.
The magic dart hits you!
* * * LOW HITPOINT WARNING * * *
You barely miss Blork the orc.
Blork the orc is lightly wounded.
Blork the orc barely misses you. You block the iguana's attack.
Blork the orc closely misses you. You block the iguana's attack.
You closely miss Blork the orc.
Blork the orc is lightly wounded.
Blork the orc begins to cast a cantrip, but forgets the words!
You block the iguana's attack.
You hit Blork the orc.
Blork the orc is moderately wounded.
Blork the orc hits you with a +0 scimitar.
* * * LOW HITPOINT WARNING * * *
The iguana barely misses you.
You thump Blork the orc!
Blork the orc is severely wounded.
You block Blork the orc's attack. The iguana bites you.
* * * LOW HITPOINT WARNING * * *
You block Blork the orc's attack.
You closely miss Blork the orc.
Blork the orc is severely wounded.
The iguana bites you but does no damage.
Blork the orc barely misses you.
The iguana bites you but does no damage.
You sock Blork the orc!
Blork the orc is almost dead.
Blork the orc screams, "I'll cover the dungeon with your blood!"
Blork the orc gestures wildly while chanting.
Blork the orc seems to speed up.
The iguana bites you.
You die...

.####. .##...#...
..........# ##
.......#..# .#
#.......##.# ..#
#.#........## #§#
#.#......#..####l.#..#
##.)......?.lsoo@....#
............rB########
.............###
#....../......#
##........l..#.#
.............#...
##.<####.....# #.#
#.## #/.##......# #o#
#..## #.###


You could see Blork the orc (fast), a scorpion, 2 iguanas, an orc, a quokka and
a giant cockroach.

Vanquished Creatures
  An orc priest (D:3)
  5 adders
  3 worms
  A dart slug (D:2)
  7 orcs
  5 endoplasms
  4 giant cockroaches
  2 goblins
  4 hobgoblins
  9 jackals
  9 kobolds
  4 quokkas
  7 ball pythons
  7 bats
  4 frilled lizards
  6 rats
78 creatures vanquished.

Notes
Turn   | Place    | Note
-------+----------+-------------------------------------------
     0 | D:1      | tsouns the Gargoyle Fighter began the quest for the Orb.
     0 | D:1      | Reached XP level 1. HP: 14/14 MP: 1/1
    47 | D:1      | You fall into a shaft and drop 1 floor!
   110 | D:1      | Reached XP level 2. HP: 7/19 MP: 2/2
   468 | D:1      | Reached XP level 3. HP: 22/23 MP: 3/3
   739 | D:2      | Found Fulithim's Armour Shop.
  1059 | D:2      | Reached XP level 4. HP: 29/29 MP: 4/4
  1082 | D:2      | Found a faded altar of an unknown god.
  1366 | D:2      | Prayed at the altar of an unknown god.
  1366 | D:2      | Became a worshipper of Ashenzari the Shackled
  1618 | D:3      | Reached XP level 5. HP: 21/33 MP: 5/5
  2022 | D:4      | Noticed Blork the orc
  2053 | D:4      | Identified a scroll of acquirement
  2053 | D:4      | Acquired 869 gold pieces
  2077 | D:4      | Slain by an iguana

Illustrated notes

Levels and vault maps discovered:
D:1:      tekkud_arrival_beachfront_property, layout_rooms,
          minmay_misc_feat_enclosed, minmay_pentomino_u4
D:2:      layout_loops_ring, ebering_ecumenical_altar_abandoned, serial_shops,
          nicolae_square_shop, minmay_diced_spiral
D:3:      layout_rooms, corexii_hall_statues_deadend
D:4:      layout_rooms, nicolae_dithmenos_the_darkroom, minmay_close_crescents,
          uniq_blork_the_orc

Skill      XL: |  1  2  3  4 |
---------------+-------------+-----
Fighting       | 4 |  4.3
Armour         | 4 |  4.3
Shields        | 4 |  4.3
Maces & Flails | 3 |  3.2

Action                   |  1- 3 |  4- 6 || total
-------------------------+-------+-------++-------
Melee: Flail             |   157 |   154 ||   311
Invok: Curse Item        |       |     1 ||     1
  Use: Scroll            |     5 |     6 ||    11
       Potion            |       |     9 ||     9
Armor: Scale mail        |   109 |   138 ||   247
       Skin              |       |     1 ||     1
Dodge: Dodged            |    99 |    71 ||   170
Block: Buckler           |    37 |    57 ||    94

Table legend: (Time is in decaauts)
 A = Elapsed time spent in this place.
 B = Non-inter-level travel time spent in this place.
 C = Inter-level travel time spent in this place.
 D = Time resting spent in this place.
 E = Time spent auto-exploring this place.
 F = Levels seen in this place.
 G = Mean time per level.
                   A        B        C        D        E       F      G
               +--------+--------+--------+--------+--------+-----+--------+
         Total |   2172 |   2090 |     82 |      0 |   1368 |   4 |  543.0 |
       Dungeon |   2172 |   2090 |     82 |      0 |   1368 |   4 |  543.0 |
               +--------+--------+--------+--------+--------+-----+--------+

Top non-repeatable levels by time:
     D:2: 805 daAuts
     D:3: 661 daAuts
     D:1: 631 daAuts
     D:4: 74 daAuts
